 Dungeon Crawl Stone Soup version 0.17-a0-777-g32247ce (webtiles) character file.

265 Pnognoglozu the Agent of Entropy (level 5, -2/42 HPs)
             Began as a Demonspawn Abyssal Knight on Apr 25, 2015.
             Was a Priest of Lugonu.
             Succumbed to Duvessa's poison
             ... on level 4 of the Dungeon.
             The game lasted 00:09:54 (3964 turns).

Pnognoglozu the Agent of Entropy (DsAK)             Turns: 3964, Time: 00:09:55

Health: -2/42      AC:  7    Str: 12    XL:     5   Next: 99%
Magic:  8/8        EV: 12    Int: 13    God:    Lugonu [***...]
Gold:   118        SH:  0    Dex: 14    Spells: 0 memorised, 4 levels left

rFire  . . .     SeeInvis .     a - +1 falchion
rCold  . . .     Clarity  .     b - +0 leather armour
rNeg   + . .     SustAb   .     (no shield)
rPois  .         Gourm    .     (no helmet)
rElec  .         Spirit   .     (no cloak)
rCorr  .         Warding  .     (no gloves)
rMut   .         Stasis   .     (no boots)
MR     .....                    (no amulet)
Stlth  +.........               (no ring)
                                e - ring of positive energy

@: lethally poisoned (-2 -> -54), not resistant to hostile enchantments, very
unstealthy
A: claws 1, iridescent scales 1, demonic guardian 1
a: Depart the Abyss, Bend Space, Banish, Renounce Religion


You were on level 4 of the Dungeon.
You worshipped Lugonu.
Lugonu was most pleased with you.
You were not hungry.

You visited 1 branch of the dungeon, and saw 4 of its levels.
You visited the Abyss 1 time.

You collected 118 gold pieces.

Inventory:

Hand weapons
 a - a +1 falchion (weapon)
Missiles
 w - 2 javelins (quivered)
Armour
 b - a +0 leather armour (worn)
Jewellery
 e - a ring of positive energy (left claw)
Magical devices
 x - a wand of digging (6)
Scrolls
 d - 3 scrolls of remove curse {unknown}
 g - 2 scrolls of recharging {unknown}
 k - a scroll of enchant armour {unknown}
 l - 4 scrolls of identify {unknown}
 o - a scroll of immolation {unknown}
 r - 2 scrolls of teleportation {unknown}
 t - a scroll of blinking {unknown}
Potions
 f - 3 potions of curing {unknown}
 h - a potion of might {unknown}
 i - 2 potions of heal wounds {unknown}
 j - a potion of haste {unknown}
 m - a potion of agility {unknown}
 n - a potion of restore abilities {unknown}
 p - a potion of magic {unknown}
 s - a potion of poison {unknown}
 u - a potion of brilliance {unknown}
Comestibles
 c - 6 bread rations
 q - a chunk of flesh
 v - a beef jerky


   Skills:
 + Level 4.1 Fighting
 + Level 3.0 Long Blades
 + Level 2.8 Armour
 + Level 2.2 Dodging
 + Level 4.4 Invocations


You had 4 spell levels left.
You didn't know any spells.

Dungeon Overview and Level Annotations

Branches:
Dungeon (4/15)
 Temple: D:4-7

Altars:
Dithmenos
Trog

Annotations:
D:4 Dowan, Duvessa


Innate Abilities, Weirdness & Mutations

You have sharp fingernails.
You are partially covered in iridescent scales (AC +4).
A weak demonic guardian rushes to your aid.


Message History

Duvessa is severely wounded.
You feel sick.
Duvessa hits you with a short sword of venom.
You are more poisoned.
Your white imp hits Duvessa.
Your white imp freezes Duvessa.
Your white imp misses Duvessa.
You hit Duvessa but do no damage.
Duvessa is almost dead.
You feel sick.
Duvessa hits you with a short sword of venom!
* * * LOW HITPOINT WARNING * * *
You are more poisoned.
Duvessa hits you with a short sword of venom.
* * * LOW HITPOINT WARNING * * *
You are more poisoned.
Your white imp barely misses Duvessa.
Dowan misses you.
Dowan, Brother of Duvessa comes into view.
He is wielding a dagger of electrocution.
You hit Duvessa.
Duvessa is almost dead.
You die...

## .# .## ####
### #5## ##...
#...####ee##
##.##. #....#@.#
##.#### ###
###.###.## ##.##
# ......###..#
##.## ##.##
#.e........#
##.#####..#
##l.########
##..##...##
##.......#
########..####..#
#........## #.#
#.######### ..#


You could see Duvessa, Dowan and a friendly white imp.

Vanquished Creatures
  A centaur (D:3)
  A worker ant (D:3)
  7 adders
  2 gnolls (D:2)
  6 worms
  A giant gecko (D:2)
  3 orcs (D:3)
  A ball python (D:3)
  7 bats
  2 giant cockroaches (D:1)
  9 hobgoblins
  4 jackals (D:3)
  A quokka (D:2)
  3 giant newts
  7 goblins
  11 kobolds
  6 rats
72 creatures vanquished.

Vanquished Creatures (collateral kills)
  A gnoll (D:2)
1 creature vanquished.

Vanquished Creatures (others)
  A crimson imp (D:2)
  An iron imp (D:3)
  A white imp (D:2)
  A kobold (D:1)
4 creatures vanquished.

Grand Total: 77 creatures vanquished

Notes
Turn   | Place    | Note
--------------------------------------------------------------
     0 | Abyss:1  | Pnognoglozu, the Demonspawn Abyssal Knight, began the quest for the Orb.
     0 | Abyss:1  | Reached XP level 1. HP: 18/18 MP: 2/2
    41 | Abyss:1  | Noticed a vampire
    52 | D:1      | Escaped the Abyss
    99 | D:1      | Reached skill level 1 in Dodging
   102 | D:1      | Acquired Lugonu's first power
   279 | D:1      | Gained mutation: A weak demonic guardian rushes to your aid. [demonic ancestry]
   279 | D:1      | Reached XP level 2. HP: 20/24 MP: 3/3
   881 | D:2      | Reached XP level 3. HP: 18/29 MP: 5/5
  1779 | D:2      | Found a shadowy altar of Dithmenos.
  1824 | D:2      | Gained mutation: You are partially covered in iridescent scales (AC +4). [demonic ancestry]
  1824 | D:2      | Reached XP level 4. HP: 20/35 MP: 6/6
  2262 | D:2      | Acquired Lugonu's second power
  2477 | D:3      | Noticed a centaur
  2486 | D:3      | Killed a centaur
  2486 | D:3      | Reached skill level 4 in Invocations
  2486 | D:3      | Gained mutation: You have sharp fingernails. [demonic ancestry]
  2486 | D:3      | Reached XP level 5. HP: 21/42 MP: 6/8
  2946 | D:3      | Found a bloodstained altar of Trog.
  3684 | D:3      | Acquired Lugonu's third power
  3942 | D:4      | Noticed Duvessa
  3964 | D:4      | Noticed Dowan
  3964 | D:4      | Succumbed to Duvessa's poison

Action                   |  1- 3 |  4- 6 || total
-------------------------+-------+-------++-------
Melee: Falchion          |    99 |   211 ||   310
Invok: Depart the Abyss  |     1 |       ||     1
 Stab: Sleeping          |       |     1 ||     1
  Eat: Chunk             |     3 |     7 ||    10
